AoeStats
← º CAIKE

Arena

510448453Analyzed
1v1 RM · 2d ago on Oct 1, 2026· 41m 42s· 2 players
Game mode
Random Map
Map size
Tiny (2 player)
Population
200
Speed
Normal
Resources
Standard
Victory
Conquest
Starting age
Dark Age
Ending age
Imperial Age
RankedLock teamsTeams togetherTeam positionsShared explorationLock speedFull tech treeHidden civsTurbo modeCheats
Victory
Defeat
🇻🇪 Khmer · Venezuela
973
+16
🇲🇽 Mongols · Mexico
983
-16
º CAIKE
10:36 Feudal Age
13:46 Castle Age
12:23 Double-Bit Axe
12:20 Horse Collar
20:31 Bloodlines
29:26 Imperial Age
28:56 Ballistics
29:21 Husbandry
28:45 Light Cavalry
30:37 Siege Engineers
31:43 Chemistry
32:19 Double Crossbow
33:29 Conscription
34:36 Heavy Scorpion
41:42 Bow Saw
41:39 Heavy Plow
mandro_891
8:22 Feudal Age
13:51 Castle Age
11:58 Double-Bit Axe
23:04 Fletching
24:07 Bow Saw
23:43 Horse Collar
24:51 Bodkin Arrow
25:02 Pikeman
25:45 Padded Archer Armor
27:23 Loom
28:04 Leather Archer Armor
28:16 Heavy Plow
29:03 Town Watch
30:05 Forging
32:23 Ballistics
32:20 Light Cavalry
35:33 Imperial Age
33:13 Scale Barding Armor
33:46 Bloodlines
35:38 Chain Barding Armor
36:24 Bloodlines
35:35 Hussar
36:21 Elite Mangudai
37:17 Hussar
38:37 Bracer
38:57 Husbandry
39:41 Onager
41:10 Nomads
41:34 Drill
Connection lost

Rejoining the realm…

Still unreachable

The connection could not be restored.

Session expired

The server has moved on; the page needs a fresh start.